 Dungeon Crawl Stone Soup version 0.23.0 (webtiles) character file.

Game seed: 193134526526405923

80 MeBeSleepy the Skirmisher (level 4, -4/40 HPs)
             Began as a Hill Orc Fighter on Feb 8, 2019.
             Slain by Natasha (6 damage)
             ... on level 1 of the Dungeon.
             The game lasted 00:21:22 (933 turns).

MeBeSleepy the Skirmisher (Hill Orc Fighter)         Turns: 933, Time: 00:21:23

Health: -4/40      AC:  8    Str: 19    XL:     4   Next: 39%
Magic:  4/4        EV:  7    Int:  6    God:
Gold:   30         SH:  9    Dex: 10    Spells: 3/3 levels left

rFire    . . .     SeeInvis .   a - +1 long sword
rCold    . . .     Gourm    .   c - +0 shield
rNeg     . . .     Faith    .   b - +0 scale mail
rPois    .         Spirit   .   (helmet restricted)
rElec    .         Reflect  .   (no cloak)
rCorr    .         Harm     .   (no gloves)
MR       .....                  (no boots)
Stlth    ..........             (no amulet)
HPRegen  0.13/turn              i - +1 ring of protection
MPRegen  0.09/turn              (no ring)

@: no status effects
A: antennae 1, dopey 1, subdued magic 1
a: no special abilities


You were on level 1 of the Dungeon.
You were not hungry.

You visited 1 branch of the dungeon, and saw 2 of its levels.

You collected 30 gold pieces.

Inventory:

Hand Weapons
 a - a +1 long sword (weapon)
 g - a +0 spear
 l - a +0 short sword
 n - a +0 club
Missiles
 k - 7 javelins of returning (quivered)
Armour
 b - a +0 scale mail (worn)
 c - a +0 shield (worn)
 e - a +0 leather armour
 j - a +0 ring mail
Jewellery
 i - a +1 ring of protection (left hand)
 o - a cursed -5 ring of intelligence
Scrolls
 h - a scroll of remove curse
Potions
 d - a potion of might
Comestibles
 f - 3 rations


   Skills:
 + Level 4.0 Fighting
 + Level 3.3 Long Blades
 + Level 0.2 Throwing
 + Level 3.7 Armour
 + Level 0.4 Dodging
 + Level 4.0 Shields


You had 3 spell levels left.
You didn't know any spells.
Your spell library was empty.

Dungeon Overview and Level Annotations

Branches:
Dungeon (2/15)

Altars:

Annotations:
D:1 Natasha


Innate Abilities, Weirdness & Mutations

You have a pair of small antennae on your head.
You are dopey. (Int -2)
Your spells are a little easier to cast, but a little less powerful.


Message History

Natasha extends her claws.
The crimson imp barely misses you.
The crimson imp blinks!
Natasha claws you but does no damage.
There is a stone staircase leading up here.
You block Natasha's attack.
You climb upwards.
The crimson imp disappears in a puff of smoke!
There is a stone staircase leading down here.
You slash Natasha!
Natasha is almost dead.
Natasha barely misses you.
You riposte.
You closely miss Natasha.
Natasha is almost dead.
Your shield prevents you from hitting Natasha.
Natasha is almost dead.
Natasha claws you.
* * * LOW HITPOINT WARNING * * *
You closely miss Natasha.
Natasha is almost dead.
Natasha claws you.
You die...

..# #............#........##
..#
######.........###........8#
..####..............#
##.......<#
.......###..........#
#........8# ..######
#..........# #........## ..#
#..........# #........##
..## #..........#
#........## ...##
##........## #...#8.8###
##..### #....^@h##
##..#######
##...#####.#..####
##.....##( ###..##...#.##
#..######. ##..#.###.# ##.##
#. ## #.........# ###..# #.
.# ##.........## ##...## #.
.###...........### #..### #.
.##.......####...###.## #.
....####### ###......# #.


You could see Natasha.

Vanquished Creatures
  2 adders (D:2)
  2 oozes (D:1)
  3 leopard geckos (D:1)
  5 bats (D:1)
  4 giant cockroaches (D:1)
  2 goblins (D:1)
  4 hobgoblins
  14 jackals
  3 frilled lizards (D:2)
  3 kobolds (D:1)
  2 rats (D:1)
44 creatures vanquished.

Notes
Turn   | Place    | Note
-------+----------+-------------------------------------------
     0 | D:1      | MeBeSleepy the Hill Orc Fighter began the quest for the
                  | Orb.
     0 | D:1      | Reached XP level 1. HP: 19/19 MP: 1/1
   148 | D:1      | Reached XP level 2. HP: 23/27 MP: 2/2
   244 | D:1      | Gained mutation: You are dopey. (Int -2) [potion of
                  | mutation]
   244 | D:1      | Gained mutation: Your spells are a little easier to cast,
                  | but a little less powerful. [potion of mutation]
   244 | D:1      | Gained mutation: You have a pair of small antennae on your
                  | head. [potion of mutation]
   273 | D:1      | Reached XP level 3. HP: 11/33 MP: 3/3
   868 | D:2      | Reached XP level 4. HP: 40/40 MP: 4/4
   906 | D:2      | Noticed Natasha
   932 | D:1      | HP: 1/40 [Natasha (4)]
   933 | D:1      | Slain by Natasha

Skill      XL: |  1  2  3  4 |
---------------+-------------+-----
Long Blades    | 3 |  3.3
Fighting       | 4 |  4.0
Shields        | 4 |  4.0
Throwing       | |  0.2
Armour         | |  3.7
Dodging        | |  0.4

Action                   |  1- 3 |  4- 6 || total
-------------------------+-------+-------++-------
Melee: Long sword        |   112 |    35 ||   147
Throw: Javelin           |     3 |       ||     3
  Use: Potion            |     1 |       ||     1
       Scroll            |     4 |       ||     4
  Eat: Ration            |     1 |       ||     1
Armor: Scale mail        |    79 |    26 ||   105
Dodge: Dodged            |    41 |    20 ||    61
Block: Shield            |    74 |    38 ||   112
       Rpst.: Long sword |    11 |     8 ||    19
